 Dungeon Sprint DCSS version 0.31.0-32-g396128a36d (webtiles) character file.

Game seed: 15487355816626025554

15092 Heoruswealwe the Phalangite (level 11, -3/121 HPs)
             Began as a Minotaur Fighter on Mar 14, 2024.
             Was an Initiate of Gozag.
             Slain by an orc high priest
             ... wielding a +0 halberd
              (6 damage)
             ... in the Dungeon (Sprint IX: "|||||||||||||||||||||||||||||") on Mar 15, 2024.
             The game lasted 00:13:48 (2486 turns).

Heoruswealwe the Phalangite (Minotaur Fighter)      Turns: 2486, Time: 00:13:48

Health: -3/121     AC: 22    Str: 26    XL:     11   Next: 97%
Magic:  10/10      EV: 10    Int:  5    God:    Gozag
Gold:   7050       SH:  0    Dex:  9    Spells: 10/10 levels left

rFire   . . .        b - +2 halberd (venom)
rCold   . . .        (shield currently unavailable)
rNeg    . . .        c - +0 plate armour
rPois   .            (helmet restricted)
rElec   .            h - +0 cloak
rCorr   .            f - +0 pair of gloves
SInv    .            (no boots)
Will    .....        (no amulet) Stlth
                     k - +2 ring of evasion
HPRegen 0.40/turn    (no ring)
MPRegen 0.12/turn

%: no teleportation
@: gold aura
A: horns 2, retaliatory headbutt
a: Renounce Religion, Potion Petition, Call Merchant, Bribe Branch


You were in the Dungeon.
You worshipped Gozag.
Gozag was greatly pleased with you.
You visited 1 branch You collected 7050 gold pieces.

Inventory:

Hand Weapons
 a - a +0 trident
 b - a +2 halberd of venom (weapon)
Armour
 c - a +0 plate armour (worn)
 d - a +2 kite shield
 f - a +0 pair of gloves (worn)
 h - a +0 cloak (worn)
Jewellery
 k - a +2 ring of evasion (left hand)
Wands
 l - a wand of acid (10)
Scrolls
 j - 2 scrolls of blinking
 n - 2 scrolls of identify


   Skills:
 + Level 18.5 Fighting
 * Level 24.8 Polearms
 + Level 18.5 Armour
 - Level 3.6 Shields


You had 10 spell levels left.
You didn't know any spells.
Your spell library contained the following spells:

 Spells                   Type           Power      Damage    Failure   Level
 Foxfire                  Conj/Fire      0%         2x1d4     96%         1
 Bombard                  Conj/Erth      0%         9d1       100%        6


Dungeon Overview and Level Annotations

Branches:
Dungeon (1/1)

Altars:
Cheibriados
Dithmenos
Elyvilon
Fedhas
Gozag
Hepliaklqana
Kikubaaqudgha
Makhleb
Nemelex Xobeh
Okawaru
Qazlal
Ru
Sif Muna
Trog
Uskayaw
Vehumet
Wu Jian
Xom
Yredelemnul
Zin
The Shining One
Jiyva
Lugonu

Shops:
D [


Innate Abilities, Weirdness & Mutations

You have a pair of horns on your head.
You reflexively headbutt those who attack you in melee.


Message History

The orc high priest hits you but does no damage.
The orc knight misses you. You furiously retaliate!
You headbutt the orc knight! You puncture the orc knight!
You kill the orc knight!
The orc high priest is distracted by your dazzling golden aura.
The orc knight hits you with a +0 broad axe.
* * * LOW HITPOINT WARNING * * *
You barely miss the orc knight.
The orc high priest shouts!
The orc knight closely misses you. You furiously retaliate!
You headbutt the orc knight! You puncture the orc knight!
The orc knight is poisoned.
Your headbutt misses the orc knight.
The orc knight is moderately wounded.
The orc high priest looks more healthy.
The orc high priest is no longer distracted by gold.
The orc high priest hits you but does no damage.
The orc knight barely misses you.
You hit the orc knight.
The orc knight looks as sick as possible!
Your headbutt misses the orc knight.
The orc knight is moderately wounded.
The orc high priest hits you from afar with a +0 halberd.
* * * LOW HITPOINT WARNING * * *
The orc knight hits you but does no damage.
You puncture the orc knight!
The orc knight looks as sick as possible!
The orc knight is heavily wounded.
You hit the orc knight but do no damage.
The orc knight looks as sick as possible!
The orc knight is heavily wounded.
The orc high priest hits you but does no damage.
The orc knight hits you with a +0 broad axe.
* * * LOW HITPOINT WARNING * * *
You closely miss the orc knight.
The orc knight is heavily wounded.
The orc high priest hits you from afar with a +0 halberd.
You die...
Your body crumbles into a pile of gold.

▓▓▓▓▓▓▓▓▓▓▓▓▓▓▓▓▓▓▓▓
▓.............+[....
▓.▓▓▓▓▓▓▓▓▓▓▓▓▓▓▓▓▓▓
▓oo@................
▓▓▓▓▓▓▓▓▓▓▓▓▓▓▓▓▓▓▓▓
▓.......'......?!...
▓.▓▓▓▓▓▓▓▓▓▓▓▓▓▓▓▓▓▓
▓...................
▓▓▓▓▓▓▓▓▓▓▓▓▓▓▓▓▓▓▓▓
▓<...†)....).....'__
▓▓▓▓▓▓▓▓▓▓▓▓▓▓▓▓▓▓▓▓


You could see an orc knight (extremely poisoned) and an orc high priest
(strong).

Vanquished Creatures
  A dire elephant (D)
  A hydra (D)
  A catoblepas (D)
  A boulder beetle (D)
  2 orc high priests (D)
  A deep elf pyromancer (D)
  An orc sorcerer (D)
  5 orc knights (D)
  2 black mambas (D)
  Joseph (D)
  A cane toad (D)
  7 elephants (D)
  2 komodo dragons (D)
  A tengu conjurer (D)
  A blink frog (D)
  A dream sheep (D)
  5 yaks (D)
  A wraith (D)
  2 basilisks (D)
  Grum (D)
  4 water moccasins (D)
  7 orc warriors (D)
  5 wolves (D)
  A bullfrog (D)
  2 gnoll sergeants (D)
  2 orc priests (D)
  An iguana (D)
  7 orc wizards (D)
  2 adders (D)
  9 orcs (D)
  An endoplasm (D)
  A goblin (D)
  A hobgoblin (D)
  A bat (D)
  A frilled lizard (D)
83 creatures vanquished.

Vanquished Creatures (others)
  A centaur warrior (D)
1 creature vanquished.

Grand Total: 84 creatures vanquished

Notes
Turn   | Place    | Note
-------+----------+-------------------------------------------
     0 | D        | Heoruswealwe the Minotaur Fighter began the quest for the
                  | Orb.
     0 | D        | Reached XP level 1. HP: 19/19 MP: 0/0
     7 | D        | Reached skill level 3 in Polearms
    17 | D        | Noticed an iguana
    24 | D        | Reached skill level 4 in Polearms
    24 | D        | Reached XP level 2. HP: 25/28 MP: 1/1
    26 | D        | Reached skill level 5 in Fighting
    26 | D        | Reached skill level 6 in Polearms
    26 | D        | Reached skill level 5 in Armour
    26 | D        | Reached XP level 3. HP: 33/36 MP: 2/2
    40 | D        | Found a snail-covered altar of Cheibriados.
    40 | D        | Found a shadowy altar of Dithmenos.
    40 | D        | Found a white marble altar of Elyvilon.
    40 | D        | Found a blossoming altar of Fedhas.
    40 | D        | Found an opulent altar of Gozag.
    41 | D        | Found a hazy altar of Hepliaklqana.
    42 | D        | Found a viscous altar of Jiyva.
    43 | D        | Found an ancient bone altar of Kikubaaqudgha.
    44 | D        | Found a corrupted altar of Lugonu.
    45 | D        | Found a burning altar of Makhleb.
    46 | D        | Found a sparkling altar of Nemelex Xobeh.
    47 | D        | Found an iron altar of Okawaru.
    48 | D        | Became a worshipper of Gozag Ym Sagoz the Greedy
    49 | D        | Found a stormy altar of Qazlal.
    50 | D        | Found a sacrificial altar of Ru.
    51 | D        | Found a shimmering blue altar of Sif Muna.
    52 | D        | Found a bloodstained altar of Trog.
    53 | D        | Found a hide-covered altar of Uskayaw.
    54 | D        | Found a radiant altar of Vehumet.
    55 | D        | Found an ornate altar of the Wu Jian Council.
    56 | D        | Found a shimmering altar of Xom.
    57 | D        | Found a basalt altar of Yredelemnul.
    58 | D        | Found a glowing silver altar of Zin.
    59 | D        | Found a glowing golden altar of the Shining One.
   116 | D        | Noticed a gnoll sergeant
   116 | D        | Noticed a yak
   116 | D        | Noticed a wraith
   116 | D        | Noticed a yak
   116 | D        | Noticed a gnoll sergeant
   130 | D        | Killed a yak
   131 | D        | Reached skill level 10 in Polearms
   131 | D        | Reached XP level 4. HP: 20/48 MP: 3/3
   131 | D        | Reached XP level 5. HP: 22/53 MP: 4/4
   142 | D        | Reached skill level 11 in Polearms
   142 | D        | Reached XP level 6. HP: 38/62 MP: 5/5
   146 | D        | Killed a wraith
   147 | D        | Reached skill level 12 in Polearms
   150 | D        | Killed a yak
   151 | D        | Reached skill level 10 in Fighting
   151 | D        | Reached skill level 13 in Polearms
   151 | D        | Reached skill level 10 in Armour
   151 | D        | Reached XP level 7. HP: 21/72 MP: 6/6
   358 | D        | Noticed a deep elf pyromancer
   358 | D        | Noticed a basilisk
   358 | D        | Noticed a komodo dragon
   358 | D        | Noticed a tengu conjurer
   358 | D        | Noticed a centaur warrior
   358 | D        | Noticed a catoblepas
   364 | D        | Killed a deep elf pyromancer
   365 | D        | Reached skill level 14 in Polearms
   365 | D        | Reached XP level 8. HP: 82/82 MP: 7/7
   369 | D        | Killed a komodo dragon
   370 | D        | Reached skill level 15 in Polearms
   378 | D        | Killed a tengu conjurer
   379 | D        | Reached skill level 16 in Polearms
   400 | D        | Killed a centaur warrior
   401 | D        | Reached skill level 17 in Polearms
   401 | D        | Reached XP level 9. HP: 58/92 MP: 8/8
   629 | D        | Killed a catoblepas
   630 | D        | Reached skill level 18 in Polearms
   723 | D        | Noticed Grum
   734 | D        | Killed Grum
  1069 | D        | Got the Quarto of Hurting
  1095 | D        | Noticed a black mamba
  1096 | D        | Noticed a black mamba
  1102 | D        | Killed a black mamba
  1103 | D        | Reached skill level 19 in Polearms
  1120 | D        | Reached XP level 10. HP: 84/104 MP: 9/9
  1122 | D        | Killed a black mamba
  1133 | D        | Reached skill level 20 in Polearms
  1226 | D        | Noticed a four-headed hydra
  1226 | D        | Noticed a boulder beetle
  1233 | D        | Reached skill level 15 in Fighting
  1233 | D        | Reached skill level 15 in Armour
  1240 | D        | Killed a nine-headed hydra
  1247 | D        | Noticed a cane toad
  1253 | D        | Killed a boulder beetle
  1254 | D        | Reached skill level 21 in Polearms
  1263 | D        | Killed a cane toad
  1428 | D        | Noticed an elephant
  1428 | D        | Noticed an elephant
  1428 | D        | Noticed an elephant
  1428 | D        | Noticed an elephant
  1428 | D        | Noticed an elephant
  1428 | D        | Noticed an elephant
  1433 | D        | Killed an elephant
  1439 | D        | Killed an elephant
  1440 | D        | Reached XP level 11. HP: 99/115 MP: 10/10
  1443 | D        | Noticed a dire elephant
  1444 | D        | Reached skill level 22 in Polearms
  1461 | D        | Killed a dire elephant
  1485 | D        | Reached skill level 23 in Polearms
  1761 | D        | Noticed Joseph
  1770 | D        | Killed Joseph
  2047 | D        | Noticed an orc sorcerer
  2047 | D        | Noticed an orc knight
  2049 | D        | Noticed an orc knight
  2054 | D        | Killed an orc sorcerer
  2061 | D        | Killed an orc knight
  2069 | D        | Killed an orc knight
  2372 | D        | Found Jeonarodd's Armour Emporium.
  2372 | D        | Noticed an orc high priest
  2372 | D        | Noticed an orc high priest
  2372 | D        | Noticed an orc knight
  2372 | D        | Noticed an orc knight
  2372 | D        | Noticed an orc high priest
  2373 | D        | Noticed an orc knight
  2375 | D        | Killed an orc high priest
  2376 | D        | Reached skill level 24 in Polearms
  2379 | D        | Noticed an orc knight
  2382 | D        | Noticed an orc knight
  2386 | D        | Killed an orc high priest
  2402 | D        | Killed an orc knight
  2405 | D        | Noticed an orc knight
  2411 | D        | HP: 4/119 [orc knight/+1 glaive of flaming (26)]
  2411 | D        | HP: 1/119 [orc knight/+1 glaive of flaming (3)]
  2412 | D        | Killed an orc knight
  2473 | D        | HP: 5/121 [orc high priest/+0 halberd (8)]
  2477 | D        | Killed an orc knight
  2483 | D        | HP: 5/121 [orc high priest/+0 halberd (3)]
  2486 | D        | Slain by an orc high priest

Illustrated notes

Levels and vault maps discovered:
D:        linesprint [early_d, line_temple, items_1, d_10, items_2, lair_1,
          lair_end, items_3, orc_1, orc_end, items_4, d_15, swamp_1, shoals_1,
          snake_1, spider_1, d_20, vaults_1, items_5, swamp_end, shoals_end,
          snake_end, spider_end, vaults_end, d_27, items_6, zot_1, zot_end,
          crypt_end, forest_end, elf_end, slime_end, tomb_end, abyss_end,
          pan_hell_end]

Skill      XL: |  1  2  3  4  5  6  7  8  9 10 11 |
---------------+----------------------------------+-----
Polearms       | 4 6 10 11 13 14 17 19 21 24 | 24.8
Fighting       | 4 5 7 8 10 11 12 14 16 18 | 18.5
Armour         | 4 5 7 8 10 11 12 14 16 18 | 18.5
Shields        | |  3.6

Action                     |  1- 3 |  4- 6 |  7- 9 | 10-12 || total
---------------------------+-------+-------+-------+-------++-------
  Melee: Trident           |    23 |       |       |       ||    23
         Headbutt          |     5 |     3 |    19 |    55 ||    82
         Halberd           |     8 |    15 |    89 |   213 ||   325
    Use: Potion            |     5 |     3 |       |     9 ||    17
         Scroll            |       |       |     1 |     1 ||     2
   Stab: Petrified         |       |       |     1 |       ||     1
         Distracted        |       |       |     1 |       ||     1
 Armour: Scale mail        |    11 |       |       |       ||    11
         Chain mail        |    17 |    13 |    92 |    73 ||   195
         Plate armour      |       |       |       |    44 ||    44
  Dodge: Dodged            |    15 |     7 |    33 |    68 ||   123
  Block: Buckler           |     4 |       |       |       ||     4
